 Dungeon Crawl Stone Soup version 0.27.1-1-g398f81649c (webtiles) character file.

Game seed: 6166801966228979418

18164 bnorton916 the Thaumaturge (level 12, -4/59 HPs)
             Began as a Deep Elf Conjurer on Sept 15, 2021.
             Was an Elder of Vehumet.
             Slain by an elephant (7 damage)
             ... while petrified by a basilisk
             ... on level 2 of the Lair of Beasts.
             The game lasted 00:28:02 (13658 turns).

bnorton916 the Thaumaturge (Deep Elf Conjurer)     Turns: 13658, Time: 00:28:03

Health: -4/59      AC:  7    Str:  5    XL:     12   Next: 25%
Magic:  28/28      EV:  2    Int: 34    God:    Vehumet [****..]
Gold:   308        SH:  0    Dex: 19    Spells: 8/32 levels left

rFire    . . .     SeeInvis .   p - +1 dagger (elec)
rCold    . . .     Faith    .   s - +0 buckler
rNeg     + + +     Spirit   .   K - +0 troll leather armour
rPois    ∞         Reflect  .   i - +0 helmet
rElec    .         Harm     .   C - +0 cloak {rCorr}
rCorr    +         Rampage  .   (no gloves)
Will     +....                  (no boots)
Stlth    ++........             e - amulet of magic regeneration
HPRegen  1.19/turn              n - +6 ring of dexterity
MPRegen  0.46/turn              u - +6 ring of intelligence

@: petrified
A: no striking features
a: Renounce Religion


You were on level 2 of the Lair of Beasts.
You worshipped Vehumet.
Vehumet was greatly pleased with you.
You visited 2 branches of the dungeon, and saw 11 of its levels.

You collected 480 gold pieces.
You spent 172 gold pieces at shops.

Inventory:

Hand Weapons
 p - a +1 dagger of electrocution (weapon)
 r - a +1 short sword of draining
 E - a +0 rapier of freezing
 H - a +3 dagger of protection
Armour
 a - a +0 robe
 i - a +0 helmet (worn)
 s - a +0 buckler (worn)
 C - a +0 cloak of preservation (worn)
 K - a +0 troll leather armour (worn)
Magical Staves
 y - a staff of death
Jewellery
 e - an amulet of magic regeneration (around neck)
 h - a ring of wizardry
 m - a ring of fire
 n - a +6 ring of dexterity (left hand)
 q - a ring of willpower
 t - the ring of Juilimn {rF+ rN+}
   (You found it on level 4 of the Dungeon)

   [ring of positive energy]

   rF:        It protects you from fire.
   rN:        It protects you from negative energy.
 u - a +6 ring of intelligence (right hand)
 w - a ring of ice
 J - a ring of poison resistance
 Q - a +6 ring of strength
Wands
 b - a wand of charming (7)
 B - a wand of polymorph (10)
 F - a wand of flame (33)
 G - a wand of iceblast (29)
Scrolls
 c - 4 scrolls of teleportation
 f - 2 scrolls of blinking
 I - 2 scrolls of summoning
 M - a scroll of vulnerability {unknown}
 O - a scroll of fear
 P - a scroll of silence {unknown}
 R - a scroll of enchant weapon {unknown}
Potions
 d - a potion of resistance
 g - 3 potions of lignification
 j - 2 potions of cancellation
 k - a potion of flight
 l - 4 potions of ambrosia
 o - 2 potions of mutation
 v - 3 potions of heal wounds
 x - a potion of invisibility {unknown}
 z - a potion of brilliance
 A - 2 potions of degeneration
 D - 3 potions of attraction
 L - a potion of magic
 N - a potion of curing {unknown}


   Skills:
 - Level 4.0 Armour
 - Level 7.8 Dodging
 - Level 2.4 Stealth
 - Level 4.1 Shields
 - Level 10.8 Spellcasting
 - Level 10.5 Conjurations
 - Level 10.2 Hexes
 - Level 8.6 Translocations
 + Level 4.9 Fire Magic
 + Level 4.9 Ice Magic
 - Level 4.3 Earth Magic


You had 8 spell levels left.
You knew the following spells:

 Your Spells              Type           Power      Damage    Failure   Level
a - Magic Dart            Conj           100%       1d8       1%          1
b - Searing Ray           Conj           100%       3d7       1%          2
c - Fulminant Prism       Conj/Hex       36%        3d18      1%          4
d - Iskenderun's Mystic   Conj/Tloc      70%        2d14      1%          4
e - Stone Arrow           Conj/Erth      100%       3d13      1%          3
f - Apportation           Tloc           100%       N/A       1%          1
g - Hailstorm             Conj/Ice       63%        3d13      1%          4
h - Fireball              Conj/Fire      31%        3d13      1%          5

Your spell library contained the following spells:

 Spells                   Type           Power      Damage    Failure   Level
 Corona                   Hex            81%        N/A       1%          1
 Slow                     Hex            73%        N/A       1%          2
 Confusing Touch          Hex            73%        N/A       1%          3
 Dazzling Flash           Conj/Hex       100%       N/A       1%          3
 Animate Skeleton         Necr           36%        N/A       3%          1
 Summon Small Mammal      Summ           72%        N/A       3%          1
 Sublimation of Blood     Necr           9%         N/A       6%          2
 Wereblood                Tmut           18%        N/A       6%          2
 Vampiric Draining        Necr           9%         2d7       12%         3
 Silence                  Hex/Air        26%        N/A       13%         5
 Animate Armour           Summ/Erth      66%        N/A       16%         4
 Agony                    Necr           18%        N/A       71%         5
 Lehudib's Crystal Spear  Conj/Erth      31%        10d8      94%         8
 Summon Hydra             Summ           9%         N/A       100%        7
 Borgnjor's Revivificati  Necr           9%         N/A       100%        8
 Necromutation            Tmut/Necr      9%         N/A       100%        8
 Death's Door             Necr           9%         N/A       100%        9


Dungeon Overview and Level Annotations

Branches:
Dungeon (9/15)             Temple (0/1) D:5            Lair (2/6) D:9
    Orc (0/2) D:9
  Swamp: Lair:2-4    Shoals: Lair:2-4     Snake: Lair:2-4    Spider: Lair:2-4

Altars:
Makhleb
Ru
Uskayaw
Vehumet
Wu Jian
Xom
Zin

Shops:
D:6 [   D:8 [

Annotations:
D:3 3 runed translucent doors, Yajnam's ghost, weakling HOMo


Message History

Vehumet accepts your kill.
You feel your power returning.
The water moccasin hisses angrily.
You hear an angry hiss.
A five-headed hydra comes into view.
A basilisk comes into view.
The basilisk hisses angrily.
An elephant comes into view.
The basilisk gazes at you.
You are slowing down.
There is a stone staircase leading up here.
Unknown command.
Unknown command.
The five-headed hydra roars!
The basilisk gazes at you.
You easily resist.
Your limbs are stiffening.
Unknown command.
The five-headed hydra bites you! x2
The five-headed hydra barely misses you. x2
The five-headed hydra bites you but does no damage. x2
The five-headed hydra completely misses you.
The five-headed hydra bites you. x2
The five-headed hydra bites you but does no damage.
You have turned to stone.
The water moccasin bites you. x2; The five-headed hydra bites you!
The five-headed hydra bites you. The five-headed hydra bites you!
The five-headed hydra bites you but does no damage. x2
The yak gores you!
The water moccasin bites you but does no damage.
The elephant barely misses you.
The elephant trunk-slaps you but does no damage.
The five-headed hydra bites you! The five-headed hydra bites you. x2
The five-headed hydra bites you!
* * * LOW HITPOINT WARNING * * *
The five-headed hydra bites you!
* * * LOW HITPOINT WARNING * * *
The water moccasin bites you but does no damage.
The yak gores you!
* * * LOW HITPOINT WARNING * * *
The elephant tramples you!
You die...

..... ......#....#.#.
....... ......##.##..#.
...#P..###P....##.......
...+...........#........
.......)..P.............
(..............#...Y....
...#...........##S.Y....
......l.S...†......F<..†
......D@Y.#.......*.....
...#...Y.......#######.#
...P...##.#.....###P###.
....... ................
....... ................
........................
........................
......# ##.. ###.####
..# .


You could see a five-headed hydra, an elephant, a yak, a basilisk and a water
moccasin.

Vanquished Creatures
  A hydra (Lair:1)
  4 two-headed ogres (D:9)
  Pikel (D:7)
  A black mamba (Lair:1)
  5 cane toads
  A troll (D:9)
  Grinder (D:6)
  9 blink frogs
  28 yaks
  2 steam dragons
  4 wyverns
  An acid dragon (D:5)
  8 water moccasins
  2 ice beasts
  2 sky beasts (D:7)
  2 ogres
  A necrophage (D:4)
  3 centaurs
  25 wolves (Lair:1)
  A lemure (D:7)
  A kobold brigand (D:8)
  3 bullfrogs (Lair:1)
  A gnoll sergeant (D:9)
  2 scorpions
  2 wyvern zombies
  A wight (D:9)
  4 killer bees (D:9)
  An electric eel (D:8)
  3 howler monkeys
  A bullfrog zombie (D:5)
  A centaur zombie (D:8)
  6 hounds
  2 jellies
  A gnoll shaman (D:5)
  A centaur skeleton (D:7)
  2 orc priests (D:5)
  Jessica (D:2)
  5 iguanas
  3 orc wizards (D:9)
  A hound skeleton (D:4)
  9 gnolls
  10 adders
  An ufetubus (D:5)
  3 worms
  3 dart slugs
  18 orcs
  5 ball pythons
  7 bats
  6 endoplasms
  3 giant cockroaches
  5 goblins
  6 hobgoblins
  4 jackals
  10 kobolds
  6 quokkas
  2 frilled lizards
  A jackal skeleton (D:4)
  4 rats
247 creatures vanquished.

Vanquished Creatures (others)
  4 bushes (D:9)
  17 fulminant prisms
  18 fungi
  41 plants
80 creatures vanquished.

Grand Total: 327 creatures vanquished

Notes
Turn   | Place    | Note
-------+----------+-------------------------------------------
     0 | D:1      | bnorton916 the Deep Elf Conjurer began the quest for the
                  | Orb.
     0 | D:1      | Reached XP level 1. HP: 10/10 MP: 6/6
   175 | D:1      | Reached XP level 2. HP: 15/15 MP: 4/8
   329 | D:1      | Reached skill level 5 in Conjurations
   710 | D:1      | Reached XP level 3. HP: 19/19 MP: 7/10
   962 | D:2      | Noticed Jessica
   967 | D:2      | Killed Jessica
   971 | D:2      | Learned a level 2 spell: Searing Ray
  1129 | D:2      | Found a radiant altar of Vehumet.
  1181 | D:2      | Became a worshipper of Vehumet
  1187 | D:2      | Reached XP level 4. HP: 24/24 MP: 7/12
  1231 | D:2      | Learned a level 4 spell: Fulminant Prism
  1236 | D:2      | Learned a level 4 spell: Iskenderun's Mystic Blast
  2006 | D:3      | Found a faded altar of an unknown god.
  2226 | D:3      | Found a runed translucent gate.
  2226 | D:3      | Found a runed translucent gate.
  2227 | D:3      | Found a runed translucent gate.
  2229 | D:3      | Noticed Yajnam's ghost (weakling HOMo)
  2644 | D:4      | Noticed a necrophage
  2651 | D:4      | Killed a necrophage
  2652 | D:4      | Reached skill level 5 in Spellcasting
  2652 | D:4      | Reached XP level 5. HP: 28/28 MP: 7/14
  2680 | D:4      | Reached * piety under Vehumet
  2680 | D:4      | Offered knowledge of Foxfire by Vehumet.
  2702 | D:4      | Reached skill level 1 in Hexes
  2702 | D:4      | Reached skill level 1 in Translocations
  2818 | D:4      | Reached XP level 6. HP: 32/32 MP: 9/15
  2956 | D:4      | Learned a level 1 spell: Apportation
  3104 | D:4      | Identified the ring of Juilimn {rF+ rN+}
  3311 | D:5      | Entered Level 5 of the Dungeon
  3542 | D:5      | Reached XP level 7. HP: 35/36 MP: 11/16
  3545 | D:5      | Reached skill level 1 in Shields
  3878 | D:5      | Found a staircase to the Ecumenical Temple.
  3920 | D:5      | Noticed a wyvern
  3924 | D:5      | Killed a wyvern
  3924 | D:5      | Reached ** piety under Vehumet
  3924 | D:5      | Offered knowledge of Shock by Vehumet.
  4262 | D:5      | Identified the +1 leather armour "Nunext" {Harm Rampage
                  | +Blink Slay-2}
  4464 | D:5      | Reached skill level 5 in Hexes
  4607 | D:5      | Learned a level 3 spell: Stone Arrow
  4827 | D:5      | Reached XP level 8. HP: 13/41 MP: 12/17
  5171 | D:5      | Reached skill level 5 in Translocations
  5456 | D:6      | Noticed Grinder
  5462 | D:6      | Killed Grinder
  6297 | D:6      | Found Uvvenwiq's Armour Boutique.
  6305 | D:6      | Bought a +0 cloak of preservation for 172 gold pieces
  6655 | D:7      | Noticed Pikel
  6664 | D:7      | Killed Pikel
  6665 | D:7      | Reached XP level 9. HP: 23/45 MP: 8/18
  7909 | D:8      | Found Pirajiar's Antique Armour Shoppe.
  8324 | D:8      | Reached skill level 10 in Hexes
  8619 | D:8      | Offered knowledge of Mephitic Cloud by Vehumet.
  9031 | D:9      | Noticed a two-headed ogre
  9038 | D:9      | Killed a two-headed ogre
  9039 | D:9      | Reached XP level 10. HP: 50/50 MP: 11/21
  9049 | D:9      | Noticed a two-headed ogre
  9206 | D:9      | Found a burning altar of Makhleb.
  9406 | D:9      | Found a staircase to the Lair.
  9549 | D:9      | Reached *** piety under Vehumet
  9592 | D:9      | Found a glowing silver altar of Zin.
  9592 | D:9      | Noticed an Executioner
  9592 | D:9      | Noticed an angel
  9691 | D:9      | Noticed a two-headed ogre
  9696 | D:9      | Killed a two-headed ogre
  9697 | D:9      | Reached skill level 5 in Dodging
  9778 | D:9      | Found a hide-covered altar of Uskayaw.
  9780 | D:9      | Found an ornate altar of the Wu Jian Council.
  9990 | D:9      | Found a sacrificial altar of Ru.
  9991 | D:9      | Found a shimmering altar of Xom.
 10038 | D:9      | Killed a two-headed ogre
 10039 | D:9      | Reached skill level 1 in Armour
 10262 | D:9      | Offered knowledge of Hailstorm by Vehumet.
 10276 | D:9      | Learned a level 4 spell: Hailstorm
 10303 | D:9      | Noticed a boulder beetle
 10350 | D:9      | Noticed a gargoyle
 10350 | D:9      | Noticed a two-headed ogre
 10924 | D:9      | Killed a two-headed ogre
 10925 | D:9      | Reached XP level 11. HP: 52/54 MP: 11/25
 11140 | D:9      | Found a staircase to the Orcish Mines.
 11176 | Lair:1   | Entered Level 1 of the Lair of Beasts
 11207 | Lair:1   | Noticed a four-headed hydra
 11217 | Lair:1   | Killed a four-headed hydra
 12072 | Lair:1   | Reached skill level 10 in Spellcasting
 12136 | Lair:1   | Reached skill level 10 in Conjurations
 12221 | Lair:1   | Reached **** piety under Vehumet
 12714 | Lair:1   | Offered knowledge of Fireball by Vehumet.
 12728 | Lair:1   | Learned a level 5 spell: Fireball
 12851 | Lair:1   | Reached skill level 1 in Fire Magic
 12851 | Lair:1   | Reached skill level 1 in Ice Magic
 12864 | Lair:1   | Reached XP level 12. HP: 59/59 MP: 22/28
 13651 | Lair:2   | Noticed a five-headed hydra
 13658 | Lair:2   | Slain by an elephant

Illustrated notes

Levels and vault maps discovered:
D:1:      denvon_arrival_planthouse, layout_rooms, chequers_avenue,
          minmay_misc_feat_tiny, hangedman_decor_slide_cut,
          minmay_tiny_reverse_x
D:2:      layout_rooms, basic_altar, uniq_jessica
D:3:      layout_basic, shapermc_ecumenical_altar_acropolis,
          gammafunk_ghost_necromancy
D:4:      layout_rooms
D:5:      layout_basic, minmay_temple_entry_arrows
D:6:      layout_loops_corners, serial_shops, nicolae_shop_statue_plus,
          uniq_grinder
D:7:      layout_loops_corners, uniq_pikel
D:8:      layout_basic, serial_shops, shop, kennysheep_generic_room_15
D:9:      layout_gridville, grunt_temple_overflow_order_and_chaos_2,
          nicolae_overflow_hidden_temple, grunt_temple_overflow_open,
          minmay_lair_entry_grove, grunt_tough_drop
Lair:1:   layout_long_grid, serial_rivers, chequers_serial_rivers_large_a,
          chequers_serial_rivers_room_a, chequers_serial_rivers_micro_e,
          chequers_serial_rivers_large_b, grunt_forest_large_clearings,
          serial_bayou_shore_a
Lair:2:   layout_regular_city, lemuel_fruit_tree

Skill      XL: |  1  2  3  4  5  6  7  8  9 10 11 12 |
---------------+-------------------------------------+-----
Conjurations   | 5 6 7 8 10 | 10.5
Spellcasting   | 4 5 6 8 10 | 10.8
Hexes          | 2 3 5 8 10 | 10.2
Translocations | 1 3 4 7 8 |  8.6
Shields        | 2 4 |  4.1
Dodging        | 3 6 7 |  7.8
Earth Magic    | 2 4 |  4.3
Armour         | 2 4 |  4.0
Fire Magic     | 2 4 |  4.9
Ice Magic      | 2 4 |  4.9
Stealth        | |  2.4

Action                   |  1- 3 |  4- 6 |  7- 9 | 10-12 || total
-------------------------+-------+-------+-------+-------++-------
Melee: Dagger            |       |       |       |    10 ||    10
 Cast: Magic Dart        |    55 |   122 |    60 |    83 ||   320
       Searing Ray       |     1 |     7 |    30 |    39 ||    77
       Fulminant Prism   |       |       |     7 |    11 ||    18
       Stone Arrow       |       |       |    20 |    66 ||    86
       Iskenderun's Myst |       |       |       |    29 ||    29
       Fireball          |       |       |       |     1 ||     1
Evoke: Wand              |       |       |       |     1 ||     1
  Use: Scroll            |       |       |    16 |     4 ||    20
Armor: Robe              |       |     4 |     3 |     4 ||    11
       Troll leather arm |       |       |       |    23 ||    23
Dodge: Dodged            |     2 |    15 |    25 |    83 ||   125
Block: Buckler           |       |       |     3 |    27 ||    30
